 Dungeon Crawl Stone Soup version 0.24-a0-415-g6d73c25c48 (webtiles) character file.

643564 wazuzu the Conqueror (level 27, -9/218 HPs)
             Began as a Centaur Hunter on Jan 3, 2019.
             Was the Champion of the Shining One.
             Killed by divine providence
             ... invoked by a daeva
              (12 damage)
             ... on level 3 of the Abyss on June 7, 2019.
             The game lasted 04:34:48 (80922 turns).

wazuzu the Conqueror (Centaur Hunter)              Turns: 80922, Time: 04:34:49

Health: -9/218     AC: 46    Str: 26    XL:     27
Magic:  35/35      EV:  4    Int:  6    God:    the Shining One [******]
Gold:   4844       SH: 34    Dex: 18    Spells: 26/26 levels left

rFire    + + +     SeeInvis +   a - +3 trishula (holy)
rCold    + + .     Gourm    .   C - +10 large shield of Ignorance {rN+ Int-4}
rNeg     + + +     Faith    .   K - +6 gold dragon scales
rPois    +         Spirit   .   h - +2 helmet {SInv}
rElec    +         Reflect  +   W - scarf {rC+ rF+}
rCorr    +         Harm     .   A - +3 pair of gauntlets of War {Slay+5}
MR       ++...     NoCast   +   V - +4 centaur barding of the Vaults {-Cast Dex+8}
Stlth    ..........             R - +6 amulet of reflection
HPRegen  0.46/turn              t - ring of the Special Eyes {rElec rF+ rN+ Str-2}
MPRegen  0.24/turn              J - ring of resist corrosion

@: about to teleport, very slightly contaminated, slowed, glowing
A: large, hooves 3, icy blue scales 1, clumsy 1, deformed body, speed 2, frail
2, sense surroundings 1, strong 1, tough skin 3
}: 4/15 runes: serpentine, barnacled, slimy, silver
a: Divine Shield, Cleansing Flame, Summon Divine Warrior, Renounce Religion


You were on level 3 of the Abyss.
You worshipped the Shining One.
The Shining One was exalted by your worship.
You were not hungry.

You visited 11 branches of the dungeon, and saw 53 of its levels.
You visited the Abyss 2 times.
You also visited: Bailey and Ice Cave.

You collected 8557 gold pieces.
You spent 3713 gold pieces at shops.

Inventory:

Hand Weapons
 a - a +3 trishula of holy wrath (weapon)
 b - a +6 longbow of holy wrath
 F - a +9 longbow of freezing
Missiles
 d - 1073 arrows
 U - 2 throwing nets (quivered)
Armour
 h - a +2 helmet of see invisible (worn)
 A - the +3 pair of gauntlets of War (worn) {Slay+5}
   (You found it on level 3 of the Elven Halls)

   It affects your accuracy and damage with ranged weapons and melee attacks
   (+5).
 C - the +10 large shield of Ignorance (worn) {rN+ Int-4}
   (You found it on level 1 of the Orcish Mines)

   It affects your intelligence (-4).
   It protects you from negative energy.
 K - +6 gold dragon scales (worn)
 V - the +4 centaur barding of the Vaults (worn) {-Cast Dex+8}
   (Okawaru gifted it to you on level 1 of the Orcish Mines)

   It affects your dexterity (+8).
   It prevents spellcasting.
 W - a scarf of resistance (worn)
Jewellery
 i - an uncursed ring of protection from magic
 o - the ring "Unwuy" {rC+ rN+ Int+3}
   (You took it off a vampire knight on level 3 of the Crypt)

   [ring of positive energy]

   It affects your intelligence (+3).
   It protects you from cold.
   It protects you from negative energy.
 t - the ring of the Special Eyes (left hand) {rElec rF+ rN+ Str-2}
   (You bought it in a shop on level 2 of the Orcish Mines)

   [ring of strength]

   It affects your strength (-2).
   It protects you from fire.
   It insulates you from electricity.
   It protects you from negative energy.
 v - the ring of Starshine {rElec rPois Int+3 Stlth-}
   (You took it off an ironheart preserver on level 5 of the Vaults)

   [ring of attention]

   It affects your intelligence (+3).
   It insulates you from electricity.
   It protects you from poison.
   It makes you less stealthy.
 z - an uncursed amulet of the gourmand {unknown}
 J - a ring of resist corrosion (right hand)
 R - a +6 amulet of reflection (around neck)
Wands
 u - a wand of digging (27)
 H - a wand of acid (26)
 N - a wand of scattershot (8)
Scrolls
 e - a scroll of holy word
 g - 27 scrolls of remove curse
 q - 18 scrolls of teleportation
 r - 7 scrolls of blinking
 y - 3 scrolls of amnesia
 B - 14 scrolls of fog
 E - 3 scrolls of brand weapon
 I - a scroll of summoning
 P - 2 scrolls of identify
 T - 9 scrolls of fear
 Z - 4 scrolls of magic mapping
Potions
 c - 7 potions of heal wounds
 j - 11 potions of lignification
 k - 6 potions of agility
 l - 4 potions of haste
 m - 14 potions of curing
 n - a potion of cancellation
 s - 2 potions of ambrosia
 w - 3 potions of berserk rage
 x - 4 potions of flight
 G - 6 potions of resistance
 L - 7 potions of might
 M - 4 potions of brilliance
 O - 4 potions of magic
 Q - 6 potions of mutation
Miscellaneous
 D - 7 phantom mirrors
Comestibles
 f - 89 rations


   Skills:
 O Level 27 Fighting
 - Level 16.0 Polearms
 - Level 22.0 Bows
 - Level 17.4 Armour
 - Level 8.0 Dodging
 - Level 0.5 Stealth
 + Level 8.9 Shields
 - Level 16.0 Invocations


You had 26 spell levels left.
You didn't know any spells.
Your spell library contained the following spells:

 Spells                   Type           Power        Failure   Level  Hunger
 Animate Skeleton         Necr           N/A          100%        1    ##.....
 Apportation              Tloc           #.....       100%        1    ##.....
 Confusing Touch          Hex            #.....       100%        1    ##.....
 Corona                   Hex            #......      100%        1    ##.....
 Flame Tongue             Conj/Fire      #....        100%        1    ##.....
 Magic Dart               Conj           #...         100%        1    ##.....
 Pain                     Necr           #...         100%        1    ##.....
 Sandblast                Erth           #.....       100%        1    ##.....
 Shock                    Conj/Air       #...         100%        1    ##.....
 Sting                    Conj/Pois      #...         100%        1    ##.....
 Summon Butterflies       Summ           #.......     100%        1    ##.....
 Blink                    Tloc           N/A          100%        2    ###....
 Call Imp                 Summ           #.......     100%        2    ###....
 Corpse Rot               Necr           N/A          100%        2    ###....
 Ensorcelled Hibernation  Hex/Ice        #.....       100%        2    ###....
 Passwall                 Tmut/Erth      #.......     100%        2    ###....
 Poisonous Vapours        Pois/Air       #.....       100%        2    ###....
 Searing Ray              Conj           #.....       100%        2    ###....
 Shroud of Golubria       Chrm/Tloc      #.....       100%        2    ###....
 Slow                     Hex            #.......     100%        2    ###....
 Song of Slaying          Chrm           #.......     100%        2    ###....
 Sublimation of Blood     Necr           #.........   100%        2    ###....
 Swiftness                Chrm/Air       #.......     100%        2    ###....
 Throw Flame              Conj/Fire      #.....       100%        2    ###....
 Call Canine Familiar     Summ           #.......     100%        3    ####...
 Confuse                  Hex            #.......     100%        3    ####...
 Conjure Flame            Conj/Fire      #.......     100%        3    ####...
 Dazzling Spray           Conj/Hex       #.....       100%        3    ####...
 Gell's Gravitas          Tloc           #.........   100%        3    ####...
 Ignite Poison            Fire/Tmut/Pois #.......     100%        3    ####...
 Inner Flame              Hex/Fire       #.......     100%        3    ####...
 Lesser Beckoning         Tloc           #.........   100%        3    ####...
 Mephitic Cloud           Conj/Pois/Air  #.......     100%        3    ####...
 Portal Projectile        Hex/Tloc       #.....       100%        3    ####...
 Recall                   Summ/Tloc      N/A          100%        3    ####...
 Regeneration             Chrm/Necr      #.........   100%        3    ####...
 Static Discharge         Conj/Air       #.......     100%        3    ####...
 Stone Arrow              Conj/Erth      #.....       100%        3    ####...
 Teleport Other           Tloc           #.......     100%        3    ####...
 Tukima's Dance           Hex            #.......     100%        3    ####...
 Vampiric Draining        Necr           #.........   100%        3    ####...
 Airstrike                Air            #.........   100%        4    #####..
 Animate Dead             Necr           N/A          100%        4    #####..
 Cause Fear               Hex            #.........   100%        4    #####..
 Force Lance              Conj/Tloc      #.......     100%        4    #####..
 Fulminant Prism          Conj/Hex       #.........   100%        4    #####..
 Iskenderun's Mystic Bla  Conj           #.......     100%        4    #####..
 Leda's Liquefaction      Hex/Erth       #.........   100%        4    #####..
 Olgreb's Toxic Radiance  Pois           #.......     100%        4    #####..
 Passage of Golubria      Tloc           N/A          100%        4    #####..
 Petrify                  Tmut/Erth      #.......     100%        4    #####..
 Sticky Flame             Conj/Fire      #.......     100%        4    #####..
 Summon Ice Beast         Ice/Summ       #.......     100%        4    #####..
 Summon Lightning Spire   Summ/Air       #.......     100%        4    #####..
 Throw Icicle             Conj/Ice       #.......     100%        4    #####..
 Agony                    Necr           #.......     100%        5    ######.
 Alistair's Intoxication  Tmut/Pois      #.......     100%        5    ######.
 Aura of Abjuration       Summ           #.........   100%        5    ######.
 Bolt of Magma            Conj/Fire/Erth #.........   100%        5    ######.
 Borgnjor's Vile Clutch   Necr/Erth      #.........   100%        5    ######.
 Dispel Undead            Necr           #.......     100%        5    ######.
 Fireball                 Conj/Fire      #.........   100%        5    ######.
 Irradiate                Conj/Tmut      #.........   100%        5    ######.
 Lee's Rapid Deconstruct  Erth           #.........   100%        5    ######.
 Lightning Bolt           Conj/Air       #.........   100%        5    ######.
 Silence                  Hex/Air        #.........   100%        5    ######.
 Summon Demon             Summ           #.........   100%        5    ######.
 Summon Forest            Summ/Tloc      #.........   100%        5    ######.
 Summon Mana Viper        Hex/Summ       #.......     100%        5    ######.
 Venom Bolt               Conj/Pois      #.........   100%        5    ######.
 Yara's Violent Unravell  Hex/Tmut       #.........   100%        5    ######.
 Bolt of Fire             Conj/Fire      #.........   100%        6    #######
 Conjure Ball Lightning   Conj/Air       #.........   100%        6    #######
 Darkness                 Hex            #.........   100%        6    #######
 Death Channel            Necr           #.........   100%        6    #######
 Deflect Missiles         Chrm/Air       #.........   100%        6    #######
 Freezing Cloud           Conj/Ice/Air   #.........   100%        6    #######
 Invisibility             Hex            #.......     100%        6    #######
 Iron Shot                Conj/Erth      #.........   100%        6    #######
 Shadow Creatures         Summ           N/A          100%        6    #######
 Statue Form              Tmut/Erth      #........    100%        6    #######
 Malign Gateway           Summ/Tloc      #.........   100%        7    #######
 Monstrous Menagerie      Summ           #.........   100%        7    #######
 Ring of Flames           Chrm/Fire      #.........   100%        7    #######
 Summon Greater Demon     Summ           #.........   100%        7    #######
 Summon Hydra             Summ           #.........   100%        7    #######
 Discord                  Hex            #.........   100%        8    #######
 Ignition                 Fire           #.........   100%        8    #######
 Infestation              Necr           #.........   100%        8    #######
 Summon Horrible Things   Summ           #.........   100%        8    #######
 Dragon's Call            Summ           #.........   100%        9    #######
 Shatter                  Erth           #.........   100%        9    #######
 Tornado                  Air            #.........   100%        9    #######


Dungeon Overview and Level Annotations

Branches:
Dungeon (15/15)            Temple (1/1) D:6            Lair (6/6) D:11
 Shoals (4/4) Lair:2        Snake (4/4) Lair:2        Slime (5/5) Lair:6
    Orc (2/2) D:9             Elf (3/3) Orc:2        Vaults (5/5) D:13
  Crypt (3/3) Vaults:2       Tomb (0/3) Crypt:3      Depths (5/5) D:15
    Zot (0/5) Depths:5

Altars:
Ashenzari
Cheibriados
Dithmenos
Elyvilon
Fedhas
Gozag
Hepliaklqana
Makhleb
Nemelex Xobeh
Okawaru
Qazlal
Ru
Sif Muna
Trog
Uskayaw
Vehumet
Wu Jian
Xom
Yredelemnul
Zin
The Shining One
Jiyva

Shops:
D:7 :   D:9 *   D:10 :   D:12 =   D:14 !   D:15 :   Orc:2 *(=[   Shoals:2 !
Snake:2 ==}   Snake:4 ((**   Vaults:1 ?   Vaults:3 %   Depths:1 =

Portals:
Hell: Depths:1 Depths:2 Depths:3 Depths:4 Depths:5
Abyss: Depths:4
Pandemonium: Depths:2 Depths:3 Depths:5
Ziggurat: Depths:5
Trove: Vaults:1 (give 14 potions of heal wounds)

Annotations:
D:9 magazin govna
Lair:2 2 transporters, Amnesiac's ghost, novice SpBe
Lair:4 1 runed door, Gamo's ghost, journeyman NaWz
Slime:5 exclusion: upstairs
Depths:3 1 runed translucent door


Innate Abilities, Weirdness & Mutations

You have hooves in place of feet.
Armour fits poorly on your strangely shaped body.
You cover ground very quickly.
You have extremely tough skin. (AC +3)
You are partially covered in icy blue scales. (AC +2)
You are clumsy. (Dex -2)
You are very frail. (-20% HP)
You passively map a small area around you.
Your muscles are strong. (Str +2)


Message History

You are very lightly contaminated with residual magic!
As you read the scroll of blinking, it crumbles to dust!
A small abomination comes into view!
You block the small abomination's attack!
The small abomination hits you! * * * don't die
* * * Your shield prevents you from hitting the small abomination!
You kick the small abomination!
The small abomination is lightly damaged!
You block the small abomination's attack! x2
The daeva calls down the wrath of the Shining One upon you!
The Shining One smites you!!! * * * don't die
* * * You skewer the small abomination like a kebab!
The small abomination convulses!
You kick the small abomination!!!
The small abomination is severely damaged!
You block the small abomination's attack!
The daeva calls down the wrath of the Shining One upon you!
The Shining One smites you!!! rip

#... ...#...#.# ##..
.#....#.A# .#.
.....## X#.#.. ....
#.###.X#..§.
#..#..##..##...###.#
###.......##......#.#
#....#...#...## .....
..#..........###.. .
.# ...#x@.# . . # . #
.##)..#. ..# .
.°.#.#..#. . . . #.
.. #.... # .. ..# .##
....##..#.. .#
....##.. . . ..%# §#.
#


You could see 2 starcursed masses, a daeva and a small abomination.

Vanquished Creatures
  the Royal Jelly (Slime:5)
  Mara (Crypt:2)
  Mennas (Depths:5)
  2 juggernauts
  Margery (Depths:3)
  Frederick (Depths:5)
  5 golden dragons
  Jory (Depths:4)
  A bone dragon (Vaults:2)
  2 tentacled monstrosities (Vaults:5)
  2 liches
  Rupert (Orc:2)
  The ghost of Potteusyxu the Hoplite, an adept MiBe of Trog (Snake:3)
  6 deep elf blademasters
  20 titans
  The ghost of kal9871 the Arsonist, an adept NaFE of Cheibriados (Elf:1)
  10 deep elf master archers
  2 ancient champions
  2 shadow dragons
  17 acid blobs
  Polyphemus (Shoals:3)
  3 sphinxes
  2 storm dragons
  3 tentacled starspawn
  5 draconian monks (Depths:5)
  5 tengu reavers
  5 nagarajas (Snake:4)
  2 revenants (Crypt:3)
  A draconian knight (Depths:5)
  9 fire giants
  26 frost giants
  11 azure jellies
  2 orc warlords
  A balrug (Depths:5)
  5 deep elf sorcerers
  21 vault wardens
  3 iron dragons
  6 ghouls
  3 draconian annihilators (Depths:5)
  41 stone giants
  4 curse skulls
  A caustic shrike zombie (Depths:3)
  A stone giant (shapeshifter) (Vaults:5)
  2 deep elf elementalists (Elf:3)
  13 ironheart preservers
  3 war gargoyles
  2 spriggan defenders
  15 very ugly things
  4 deep elf demonologists (Elf:3)
  19 vampire knights
  3 green draconians
  6 deep elf annihilators
  4 entropy weavers
  2 black draconians (Depths:5)
  8 spark wasps
  7 white draconians
  A yellow draconian (Crypt:1)
  A spark wasp (shapeshifter) (Vaults:5)
  4 eidola
  8 red draconians
  5 purple draconians
  2 green deaths
  16 jiangshi
  10 death oozes
  A crystal guardian (Vaults:4)
  16 deep elf death magi
  7 merfolk javelineers
  15 ettins
  14 deep elf high priests
  12 merfolk impalers
  9 great orbs of eyes
  9 fire dragons
  Fannar (Orc:1)
  Harold (Orc:1)
  19 yaktaur captains
  8 rakshasas
  7 ice dragons
  16 naga warriors
  A monstrous demonspawn (Depths:3)
  39 vault guards
  5 hydras
  7 centaur warriors
  2 quicksilver dragon skeletons
  7 merfolk avatars
  A hell beast (Depths:3)
  3 spriggan air magi
  7 death knights
  A queen ant (Lair:5)
  2 satyrs
  3 merfolk aquamancers
  3 catoblepae
  10 anacondas
  43 two-headed ogres
  12 ogre magi
  10 death yaks
  8 deep troll shamans
  4 tengu warriors
  2 hell hogs
  10 deep troll earth magi
  29 dancing weapons
  4 orc high priests
  12 vampire magi
  6 shock serpents
  12 thrashing horrors
  13 naga sharpshooters
  5 spriggan berserkers
  5 wretched stars (Abyss:3)
  2 storm dragon zombies
  2 soul eaters
  28 deep elf knights
  3 shadow wraiths
  An iron troll (Depths:4)
  9 hell knights
  4 sun demons (Depths:5)
  4 unseen horrors
  2 golden dragon zombies (Crypt:3)
  An unseen horror (shapeshifter) (Vaults:4)
  12 skeletal warriors
  An anaconda zombie (Crypt:3)
  A gelid demonspawn (Depths:5)
  34 starcursed masses
  17 large abominations
  6 glowing orange brains
  A storm dragon skeleton (Crypt:1)
  6 flayed ghosts
  2 spatial maelstroms
  20 sea snakes
  4 death drakes
  26 deep trolls
  8 lindwurms
  10 naga ritualists
  23 deep elf archers
  13 ironbrand convokers
  4 wizards
  11 necromancers
  12 phantasmal warriors
  An obsidian statue (Elf:1)
  4 orange crystal statues (Orc:1)
  A lindwurm (shapeshifter) (Depths:2)
  15 orc knights
  24 harpies
  An orb spider (Abyss:3)
  8 mana vipers
  21 fauns
  A sphinx zombie (Vaults:2)
  A stone giant zombie (Depths:2)
  74 deep elf magi
  24 ugly things
  A salamander (shapeshifter) (Vaults:2)
  4 cyclopes
  4 worldbinders
  6 salamanders
  9 orc sorcerers
  4 shining eyes
  18 manticores
  4 wolf spiders
  2 manticores (shapeshifter)
  A fire giant zombie (Depths:2)
  4 guardian serpents (Snake:3)
  2 moths of wrath (shapeshifter)
  A moth of wrath (Snake:3)
  An apocalypse crab (Abyss:3)
  A guardian serpent (shapeshifter) (Abyss:3)
  11 elephants
  13 vault sentinels
  7 merfolk sirens
  An ice statue (IceCv)
  4 water nymphs
  2 iron dragon skeletons (Depths:3)
  A shock serpent zombie (Crypt:1)
  26 black mambas
  26 naga magi
  A fire giant skeleton (Abyss:3)
  4 eyes of devastation
  A rust devil (Abyss:3)
  5 gargoyles
  5 smoke demons
  A torpor snail (shapeshifter) (Depths:4)
  A shock serpent skeleton (Crypt:1)
  5 rime drakes
  5 spiny frogs
  A minotaur zombie (Crypt:2)
  A red draconian zombie (Crypt:3)
  An emperor scorpion zombie (Crypt:3)
  A white draconian zombie (Crypt:3)
  5 centaur skeletons
  A tormentor (Depths:5)
  4 efreet
  6 komodo dragons
  A komodo dragon (shapeshifter) (Vaults:3)
  A redback zombie (Crypt:3)
  12 freezing wraiths
  A rime drake (shapeshifter) (Depths:1)
  A hellwing (Abyss:5)
  A green draconian skeleton (Crypt:1)
  47 yaktaurs
  A catoblepas skeleton (Crypt:3)
  A demonic crawler (Abyss:3)
  A golden dragon simulacrum (Depths:3)
  A spriggan skeleton (Depths:2)
  3 tengu conjurers
  An ice devil (Depths:3)
  A queen ant zombie (Crypt:1)
  33 merfolk
  A red devil (Abyss:3)
  A grey draconian skeleton (Crypt:1)
  4 ancient zymes
  6 wind drakes
  A queen bee (shapeshifter) (Abyss:3)
  A jumping spider (Vaults:3)
  A silent spectre (Abyss:4)
  An iron troll skeleton (Crypt:1)
  11 trolls
  7 hornets
  18 polar bears
  A hornet (shapeshifter) (Vaults:2)
  A meliai (shapeshifter) (Vaults:4)
  A raiju (shapeshifter) (Vaults:1)
  A harpy skeleton (Crypt:2)
  A slime creature (shapeshifter) (Depths:5)
  14 blink frogs
  6 harpy zombies
  53 slime creatures
  7 hippogriffs
  11 raiju
  2 bog bodies
  A hydra skeleton (Crypt:2)
  3 ettin zombies (Crypt:3)
  6 snapping turtles
  A hippogriff (shapeshifter) (Vaults:1)
  A fire dragon zombie (Crypt:3)
  An alligator zombie (Crypt:2)
  An ettin skeleton (Vaults:2)
  A stone giant simulacrum (Vaults:3)
  10 dream sheep
  21 vampires
  13 wraiths
  2 air elementals
  5 ynoxinuls
  4 shadows
  An ice dragon skeleton (Crypt:1)
  2 redbacks (Vaults:3)
  6 spriggans (Depths:5)
  2 wyverns
  51 yaks
  3 hogs (D:8)
  A basilisk (Lair:2)
  A fire bat (shapeshifter) (Vaults:2)
  16 water elementals
  Grum (D:8)
  A basilisk (shapeshifter) (D:13)
  A human (D:8)
  21 golden eyes
  3 fire elementals (Elf:1)
  A black mamba skeleton (Crypt:1)
  3 neqoxecs
  2 hungry ghosts
  4 chaos spawn
  A steam dragon (Lair:6)
  A human simulacrum (Vaults:2)
  4 wargs
  A swamp worm (shapeshifter) (Vaults:5)
  53 nagas
  10 soldier ants
  An acid dragon (shapeshifter) (Elf:1)
  12 water moccasins
  2 floating eyes (Depths:3)
  A torturous demonspawn skeleton (Crypt:2)
  22 small abominations
  5 porcupines
  7 sky beasts
  A hell hound (Abyss:5)
  7 swamp drakes
  3 ice beasts
  42 orc warriors
  A snapping turtle zombie (Crypt:2)
  7 eyes of draining
  10 necrophages
  2 phantoms
  An eye of draining (shapeshifter) (Vaults:3)
  5 black bears
  20 boggarts
  A black mamba simulacrum (Crypt:1)
  A manticore zombie (Crypt:3)
  34 wolves
  33 ogres
  23 centaurs
  A snapping turtle skeleton (Crypt:1)
  A blink frog skeleton (Crypt:3)
  16 crocodiles
  A crocodile (shapeshifter) (Vaults:1)
  A hippogriff zombie (Shoals:3)
  8 bullfrogs
  A rime drake skeleton (Crypt:3)
  3 earth elementals
  3 scorpions
  2 wyvern skeletons
  8 killer bees
  18 wights
  7 howler monkeys
  6 bullfrog zombies
  5 centaur zombies
  A quasit (Abyss:3)
  8 crimson imps
  5 hounds
  A wyvern simulacrum (D:14)
  4 jellies
  19 orc wizards
  14 orc priests
  4 bullfrog skeletons
  2 iron imps
  A human skeleton (Crypt:1)
  26 worker ants
  A naga skeleton (Crypt:3)
  A hound skeleton (D:9)
  2 worker ant zombies
  13 adders
  6 gnolls
  A swamp drake zombie (Crypt:1)
  2 shadow imps
  3 white imps
  An ufetubus (Abyss:3)
  2 oozes (D:3)
  An adder zombie (D:9)
  A halfling skeleton (Crypt:2)
  A lava snake skeleton (Crypt:3)
  7 worms
  A dart slug (D:1)
  7 leopard geckos
  76 orcs
  10 bats
  A bat zombie (Shoals:3)
  5 giant cockroaches
  7 goblins
  8 hobgoblins
  3 jackals (D:1)
  23 kobolds
  5 quokkas
  2 ball pythons
  A ball python skeleton (Crypt:3)
  A dart slug zombie (Crypt:2)
  7 frilled lizards
  A jackal skeleton (D:4)
  2 quokka skeletons
  A quokka zombie (D:7)
  10 rats
  4 crawling corpses (Elf:3)
  3 fungi (Orc:2)
  A lurking horror (Abyss:5)
  4 plants
  8 starspawn tentacles
2574 creatures vanquished.

Vanquished Creatures (others)
  2 large abominations (Abyss:5)
  A deep elf knight (Elf:3)
  A deep elf archer (Elf:3)
  7 polar bears (IceCv)
  A vampire (Crypt:3)
  3 yaks (IceCv)
  A wolf (IceCv)
  3 bushes (Depths:2)
  8 fungi
  8 plants
  17 starspawn tentacles
52 creatures vanquished.

Grand Total: 2626 creatures vanquished

Notes
Turn   | Place    | Note
-------+----------+-------------------------------------------
     0 | D:1      | wazuzu the Centaur Hunter began the quest for the Orb.
     0 | D:1      | Reached XP level 1. HP: 17/17 MP: 1/1
    87 | D:1      | Reached XP level 2. HP: 22/24 MP: 2/2
  1151 | D:2      | Reached XP level 3. HP: 29/29 MP: 3/3
  1445 | D:2      | Reached XP level 4. HP: 17/36 MP: 4/4
  1933 | D:2      | Found a shadowy altar of Dithmenos.
  2865 | D:4      | Noticed an ogre
  2871 | D:4      | Killed an ogre
  2871 | D:4      | Reached XP level 5. HP: 41/41 MP: 5/5
  3416 | D:4      | Reached XP level 6. HP: 48/48 MP: 6/6
  3745 | D:5      | Entered Level 5 of the Dungeon
  3915 | D:5      | Reached skill level 10 in Bows
  3931 | D:5      | Found a sacrificial altar of Ru.
  3935 | D:5      | Noticed a sky beast
  4067 | D:5      | Killed a sky beast
  4067 | D:5      | Reached XP level 7. HP: 21/55 MP: 3/7
  4424 | D:5      | HP: 2/55 [something/puff of flame (10)]
  5782 | D:6      | Reached XP level 8. HP: 39/58 MP: 4/8
  5795 | D:6      | Found a staircase to the Ecumenical Temple.
  5850 | Temple   | Entered the Ecumenical Temple
  5901 | Temple   | Became a worshipper of Warmaster Okawaru
  5959 | D:6      | Noticed a two-headed ogre
  5993 | D:6      | Killed a two-headed ogre
  5993 | D:6      | Reached * piety under Okawaru
  6000 | D:6      | Reached skill level 1 in Invocations
  6482 | D:7      | Reached ** piety under Okawaru
  6482 | D:7      | Reached XP level 9. HP: 34/65 MP: 6/11
  6731 | D:7      | Reached skill level 3 in Fighting
  6921 | D:7      | Found Govoahy's Book Emporium.
  7257 | D:7      | Reached skill level 4 in Fighting
  7257 | D:7      | Reached skill level 5 in Invocations
  7468 | D:7      | Found a blossoming altar of Fedhas.
  8225 | D:8      | Noticed Grum
  8231 | D:8      | Killed Grum
  8231 | D:8      | Reached *** piety under Okawaru
  8231 | D:8      | Reached skill level 5 in Fighting
  8511 | D:8      | Noticed a two-headed ogre
  8519 | D:8      | Killed a two-headed ogre
  8519 | D:8      | Reached **** piety under Okawaru
  8519 | D:8      | Reached XP level 10. HP: 73/80 MP: 14/16
  8525 | D:8      | Reached skill level 6 in Fighting
  8525 | D:8      | Reached skill level 1 in Armour
  8703 | D:8      | Received a gift from Okawaru
  9187 | D:8      | Reached skill level 7 in Fighting
  9370 | D:9      | Found a sparkling altar of Nemelex Xobeh.
  9555 | D:9      | Received a gift from Okawaru
  9796 | D:9      | Found a staircase to the Orcish Mines.
  9835 | D:9      | Reached skill level 8 in Fighting
 10137 | D:9      | Found Xot Woum's Demolitions Depot.
 10286 | D:9      | Noticed a two-headed ogre
 10319 | D:9      | Killed a two-headed ogre
 10319 | D:9      | Received a gift from Okawaru
 10319 | D:9      | Reached XP level 11. HP: 54/92 MP: 11/17
 10553 | D:10     | Entered Level 10 of the Dungeon
 10585 | D:10     | Received a gift from Okawaru
 10721 | D:10     | Received a gift from Okawaru
 10816 | D:10     | Reached skill level 9 in Fighting
 10816 | D:10     | Reached skill level 5 in Armour
 11065 | D:10     | Reached ***** piety under Okawaru
 11252 | D:10     | Found Qeucoovi's Book Boutique.
 11273 | D:10     | Noticed a two-headed ogre
 11288 | D:10     | Killed a two-headed ogre
 11454 | D:10     | Received a gift from Okawaru
 11784 | D:11     | Found a staircase to the Lair.
 11802 | D:11     | Reached skill level 10 in Fighting
 11957 | D:11     | Found a frozen archway.
 11964 | D:11     | Received a gift from Okawaru
 11976 | IceCv    | Entered an ice cave
 12249 | IceCv    | Got a scorched shortbow
 12250 | IceCv    | Identified the cursed +1 shortbow "Idant" {speed, rC+ rN+
                  | Str+2 Dex-2} (You found it in an ice cave)
 12520 | IceCv    | Reached skill level 11 in Fighting
 12520 | IceCv    | Reached XP level 12. HP: 85/107 MP: 16/18
 12631 | IceCv    | Noticed a death yak
 12651 | IceCv    | Killed a death yak
 12651 | IceCv    | Received a gift from Okawaru
 12778 | IceCv    | Received a gift from Okawaru
 12874 | IceCv    | Noticed a frost giant
 12945 | IceCv    | Killed a frost giant
 12945 | IceCv    | Received a gift from Okawaru
 13332 | IceCv    | Got a faintly glowing halberd
 13359 | D:11     | Identified the +6 halberd "Fibraunu" {pain, rPois Int+4}
                  | (You found it in an ice cave)
 13457 | D:11     | Noticed a two-headed ogre
 13467 | D:11     | Killed a two-headed ogre
 13525 | D:11     | Reached skill level 12 in Fighting
 13596 | D:11     | Noticed a six-headed hydra
 13629 | D:11     | Killed a six-headed hydra
 13629 | D:11     | Received a gift from Okawaru
 13632 | D:11     | Got a twisted scale mail {god gift}
 13633 | D:11     | Identified the +0 scale mail of the Orb {Slay+3} (Okawaru
                  | gifted it to you on level 11 of the Dungeon)
 14139 | Lair:1   | Entered Level 1 of the Lair of Beasts
 15119 | Lair:2   | Noticed a six-headed hydra
 15314 | Lair:2   | Noticed a six-headed hydra
 15335 | Lair:2   | Killed a six-headed hydra
 15540 | Lair:2   | Noticed Amnesiac's ghost (novice SpBe)
 15557 | Lair:2   | Found a transporter.
 15561 | Lair:2   | Found a transporter.
 15591 | Lair:2   | Found a staircase to the Shoals.
 15597 | Lair:2   | Noticed a catoblepas
 15624 | Lair:2   | Killed a catoblepas
 15624 | Lair:2   | Reached XP level 13. HP: 110/116 MP: 17/19
 15730 | Lair:2   | Reached skill level 13 in Fighting
 15777 | Lair:2   | Reached ****** piety under Okawaru
 16265 | Lair:2   | Found a staircase to the Snake Pit.
 16385 | Lair:2   | Received a gift from Okawaru
 16389 | Lair:2   | Got a pair of heavily runed gloves {god gift}
 16400 | Lair:2   | Identified the +1 pair of gloves of Omission {rF- MR+
                  | Stlth+} (Okawaru gifted it to you on level 2 of the Lair of
                  | Beasts)
 17707 | Lair:4   | Found a runed door.
 17708 | Lair:4   | Found a shimmering altar of Xom.
 17708 | Lair:4   | Noticed Gamo's ghost (journeyman NaWz)
 17708 | Lair:4   | Identified the +3 war axe of Dissolution {chaos, Int+4}
 17801 | Lair:4   | Reached skill level 10 in Armour
 18169 | Lair:4   | Found a snail-covered altar of Cheibriados.
 18741 | Lair:5   | Reached skill level 14 in Fighting
 19032 | Lair:5   | Noticed an entropy weaver
 19035 | Lair:5   | Noticed an entropy weaver
 19061 | Lair:5   | Killed an entropy weaver
 19076 | Lair:5   | Killed an entropy weaver
 19188 | Lair:5   | Received a gift from Okawaru
 20058 | Lair:6   | Entered Level 6 of the Lair of Beasts
 20364 | Lair:6   | Reached XP level 14. HP: 130/130 MP: 20/20
 20397 | Lair:6   | Found a viscous altar of Jiyva.
 20398 | Lair:6   | Found a staircase to the Slime Pits.
 20988 | Lair:6   | Reached skill level 15 in Fighting
 21571 | Lair:6   | Received a gift from Okawaru
 22236 | Orc:1    | Entered Level 1 of the Orcish Mines
 22241 | Orc:1    | Noticed Harold
 22272 | Orc:1    | Killed Harold
 22281 | Orc:1    | Found a flagged portal.
 22290 | Bailey   | Entered a bailey
 22718 | Orc:1    | Found a runed door.
 22880 | Orc:1    | Found the +10 large shield of Ignorance {rN+ Int-4}
 22885 | Orc:1    | Found a runed door.
 23171 | Orc:2    | Entered Level 2 of the Orcish Mines
 23171 | Orc:2    | Found Ileath's Jewellery Shop.
 23523 | Orc:1    | Received a gift from Okawaru
 23526 | Orc:1    | Got an ancient centaur barding {god gift}
 23537 | Orc:1    | Identified the +4 centaur barding of the Vaults {-Cast
                  | Dex+8} (Okawaru gifted it to you on level 1 of the Orcish
                  | Mines)
 23933 | Orc:2    | Bought the cursed ring of the Special Eyes {rElec rF+ rN+
                  | Str-2} for 325 gold pieces
 24064 | Orc:2    | Found Litawn's Antique Armour Shop.
 24077 | Orc:2    | Bought an ominously black robe for 193 gold pieces
 24077 | Orc:2    | Bought a warped robe for 193 gold pieces
 24077 | Orc:2    | Identified the +1 robe of Twilight {+Fly rCorr Int-3
                  | Slay+5} (You bought it in a shop on level 2 of the Orcish
                  | Mines)
 24078 | Orc:2    | Identified the +5 robe of the Echidna {-Cast MR++ Dex+3}
                  | (You bought it in a shop on level 2 of the Orcish Mines)
 24228 | Orc:2    | Noticed an orc warlord
 24309 | Orc:2    | Killed an orc warlord
 24414 | Orc:2    | Reached skill level 16 in Fighting
 24759 | Orc:2    | Found Rimewin's Antique Weapon Shop.
 24967 | Orc:2    | Noticed Rupert
 24994 | Orc:2    | Killed Rupert
 25053 | Orc:2    | Found Xiciucum's General Store.
 25083 | Orc:2    | Found a staircase to the Elven Halls.
 25117 | Orc:2    | Bought a scarf of resistance for 576 gold pieces
 25427 | Orc:1    | Noticed Fannar
 25451 | Orc:1    | Killed Fannar
 26168 | D:12     | Reached XP level 15. HP: 145/145 MP: 21/21
 26214 | D:12     | Received a gift from Okawaru
 26385 | D:12     | Found Colafreu's Jewellery Emporium.
 26401 | D:12     | Bought an uncursed amulet of regeneration for 480 gold
                  | pieces
 27823 | D:13     | Received a gift from Okawaru
 28151 | D:12     | Upgraded the game from 0.23-a0-650-ga4d50d4 to
                  | 0.23-a0-655-g3751e1c
 28599 | D:13     | Found a gate to the Vaults.
 28980 | D:14     | Found a stormy altar of Qazlal.
 29091 | D:14     | Found Zeaha's Distillery.
 29148 | D:14     | Bought a potion of heal wounds for 65 gold pieces
 29148 | D:14     | Bought 2 potions of haste for 260 gold pieces
 29148 | D:14     | Bought 2 potions of might for 104 gold pieces
 29148 | D:14     | Bought a potion of agility for 52 gold pieces
 29148 | D:14     | Bought a potion of agility for 52 gold pieces
 29410 | D:14     | Found a shimmering altar of Xom.
 29410 | D:14     | Found a shimmering altar of Xom.
 29427 | D:14     | Reached skill level 17 in Fighting
 29440 | D:14     | Found a shimmering altar of Xom.
 29441 | D:14     | Found a shimmering altar of Xom.
 29933 | D:15     | Entered Level 15 of the Dungeon
 30101 | D:15     | Received a gift from Okawaru
 31048 | D:15     | Found Enkel's Book Shoppe.
 31278 | D:15     | Found a staircase to the Depths.
 31822 | Snake:1  | Entered Level 1 of the Snake Pit
 31822 | Snake:1  | Found a shattered altar of Ashenzari.
 31904 | Snake:1  | Reached skill level 15 in Bows
 32722 | Snake:1  | You fall through a shaft!
 32789 | Snake:1  | Received a gift from Okawaru
 33088 | Snake:2  | Reached XP level 16. HP: 155/155 MP: 22/22
 33255 | Snake:2  | Received a gift from Okawaru
 33821 | Snake:2  | Found Essukom's Gadget Shoppe.
 33821 | Snake:2  | Found Uqydghes's Jewellery Boutique.
 33822 | Snake:2  | Found Wupsoly's Jewellery Boutique.
 33984 | Snake:2  | Received a gift from Okawaru
 33989 | Snake:2  | Got a steaming centaur barding {god gift}
 33990 | Snake:2  | Identified the +0 centaur barding "Downumao" {rC+} (Okawaru
                  | gifted it to you on level 2 of the Snake Pit)
 34114 | Snake:3  | Found a glowing golden altar of the Shining One.
 34714 | Snake:3  | Found a transporter.
 34715 | Snake:3  | Noticed Potteusyxu's ghost (adept MiBe)
 34739 | Snake:3  | Found a transporter.
 35278 | Snake:3  | Received a gift from Okawaru
 35318 | Snake:3  | Killed Potteusyxu's ghost
 35318 | Snake:3  | Received a gift from Okawaru
 35327 | Snake:3  | Got a warped brass ring
 35328 | Snake:3  | Identified the ring of Fihoitzebb {Str+2 Stlth-} (You found
                  | it on level 3 of the Snake Pit)
 35485 | Snake:3  | Upgraded the game from 0.23-a0-655-g3751e1c to
                  | 0.24-a0-123-ga2403f3
 35486 | Snake:4  | Entered Level 4 of the Snake Pit
 35754 | Snake:4  | Received a gift from Okawaru
 35794 | Snake:4  | Received a gift from Okawaru
 35922 | Snake:4  | Reached XP level 17. HP: 138/163 MP: 23/23
 35957 | Snake:4  | Received a gift from Okawaru
 36245 | Snake:4  | Reached skill level 18 in Fighting
 36248 | Snake:4  | Received a gift from Okawaru
 36535 | Snake:4  | Got a serpentine rune of Zot
 36612 | Snake:4  | Received a gift from Okawaru
 36841 | Snake:4  | Found Hanagil's General Store.
 36842 | Snake:4  | Found Iruwaf's Assorted Antiques.
 36842 | Snake:4  | Found Dozache's Antique Weapon Shoppe.
 36848 | Snake:4  | Bought a potion of heal wounds for 70 gold pieces
 36848 | Snake:4  | Found Joqok's Antique Weapon Shoppe.
 37154 | Snake:4  | Received a gift from Okawaru
 37644 | Elf:1    | Entered Level 1 of the Elven Halls
 37660 | Elf:1    | Reached skill level 10 in Invocations
 37731 | Elf:1    | Found a runed translucent gate.
 37732 | Elf:1    | Found a runed translucent gate.
 37733 | Elf:1    | Found a runed translucent gate.
 37734 | Elf:1    | Found an opulent altar of Gozag.
 37737 | Elf:1    | Noticed kal9871's ghost (adept NaFE)
 38117 | Elf:1    | Received a gift from Okawaru
 38130 | Elf:1    | Got a pitted helmet {god gift}
 38252 | Elf:1    | Noticed a deep elf master archer
 38267 | Elf:1    | Killed a deep elf master archer
 38416 | Elf:1    | Identified the -6 helmet "Iqaatoame" {rC++ Dex-5 SInv
                  | Stlth+} (Okawaru gifted it to you on level 1 of the Elven
                  | Halls)
 39053 | Elf:1    | Killed kal9871's ghost
 39287 | Elf:2    | Reached skill level 19 in Fighting
 39941 | Elf:2    | Found a huge runed translucent gate.
 39941 | Elf:2    | Found a huge runed translucent gate.
 39941 | Elf:2    | Found a huge runed translucent gate.
 39941 | Elf:2    | Found a huge runed translucent gate.
 39941 | Elf:2    | Found a huge runed translucent gate.
 39994 | Elf:2    | Upgraded the game from 0.24-a0-123-ga2403f3 to
                  | 0.24-a0-132-ge4b1dce
 40061 | Elf:2    | Reached XP level 18. HP: 163/176 MP: 26/26
 40163 | Elf:2    | Received a gift from Okawaru
 40190 | Elf:2    | Received a gift from Okawaru
 40433 | Elf:2    | Received a gift from Okawaru
 40471 | Elf:2    | Got a pair of transparent gloves {god gift}
 40472 | Elf:2    | Identified the +0 pair of gloves "Fukk" {rC+++} (Okawaru
                  | gifted it to you on level 2 of the Elven Halls)
 40653 | Elf:3    | Entered Level 3 of the Elven Halls
 41040 | Elf:3    | Cast into level 4 of the Abyss (a deep elf sorcerer)
 41131 | Abyss:4  | Found a corrupted altar of Lugonu.
 41162 | Abyss:4  | Found a corrupted altar of Lugonu.
 41363 | Abyss:4  | Found a corrupted altar of Lugonu.
 41581 | Abyss:4  | Noticed a hellephant
 41599 | Abyss:5  | Entered Level 5 of the Abyss
 41599 | Abyss:5  | Entered Level 5 of the Abyss
 41711 | Abyss:5  | Gained mutation: Your magical capacity is low. (-10% MP) [a
                  | neqoxec]
 41739 | Abyss:5  | Upgraded the game from 0.24-a0-132-ge4b1dce to
                  | 0.24-a0-139-geb6712d
 41925 | Abyss:5  | Found a hazy altar of Hepliaklqana.
 41988 | Abyss:5  | Found a corrupted altar of Lugonu.
 42111 | Abyss:5  | Reached skill level 20 in Fighting
 42152 | Abyss:5  | Gained mutation: You are frail. (-10% HP) [a neqoxec]
 42221 | Abyss:5  | Found an iron altar of Okawaru.
 42262 | Abyss:5  | Found a shadowy altar of Dithmenos.
 42306 | Abyss:5  | Found a corrupted altar of Lugonu.
 42399 | Abyss:5  | Noticed a tentacled monstrosity
 42626 | Abyss:5  | Found a hide-covered altar of Uskayaw.
 42679 | Abyss:5  | Noticed a Hell Sentinel
 42683 | Elf:3    | Escaped the Abyss
 42718 | Elf:2    | Upgraded the game from 0.24-a0-139-geb6712d to
                  | 0.24-a0-244-ga6a6ab7
 42718 | Elf:2    | Upgraded the game from 0.24-a0-244-ga6a6ab7 to
                  | 0.24-a0-415-g6d73c25c48
 43072 | Shoals:1 | Entered Level 1 of the Shoals
 43111 | Shoals:1 | Received a gift from Okawaru
 44409 | Shoals:2 | Found Cilixtoa's Distillery.
 44554 | Shoals:2 | Reached XP level 19. HP: 132/166 MP: 25/25
 44715 | Shoals:2 | Bought a potion of experience for 500 gold pieces
 44715 | Shoals:2 | Bought a potion of curing for 30 gold pieces
 44715 | Shoals:2 | Bought a potion of haste for 100 gold pieces
 44715 | Shoals:2 | Bought a potion of curing for 30 gold pieces
 44715 | Shoals:2 | Bought a potion of curing for 30 gold pieces
 44715 | Shoals:2 | Bought a potion of might for 40 gold pieces
 44715 | Shoals:2 | Bought a potion of might for 40 gold pieces
 44715 | Shoals:2 | Reached XP level 20. HP: 157/173 MP: 26/26
 44958 | Shoals:2 | Received a gift from Okawaru
 45297 | Shoals:3 | Noticed Polyphemus
 45354 | Shoals:3 | Killed Polyphemus
 45354 | Shoals:3 | Received a gift from Okawaru
 45364 | Shoals:3 | Got a bone shortbow {god gift}
 45365 | Shoals:3 | Identified the +5 shortbow of Equilibrium {speed, SInv}
                  | (Okawaru gifted it to you on level 3 of the Shoals)
 46010 | Shoals:4 | Entered Level 4 of the Shoals
 46421 | Shoals:4 | Reached skill level 5 in Dodging
 46902 | Shoals:4 | Received a gift from Okawaru
 46948 | Shoals:4 | Received a gift from Okawaru
 47082 | Shoals:4 | Got a barnacled rune of Zot
 47964 | Orc:2    | Bought a runed helmet for 255 gold pieces
 48251 | Vaults:1 | Entered Level 1 of the Vaults
 48453 | Vaults:1 | Reached skill level 15 in Invocations
 48839 | Vaults:1 | Got a bloodstained ring mail
 48840 | Vaults:1 | Identified the cursed +1 ring mail of Uhibeereth {+Fly}
                  | (You found it on level 1 of the Vaults)
 48922 | Vaults:1 | Found a portal to a secret trove of treasure.
 49040 | Vaults:1 | Found Saar's Magic Scroll Boutique.
 49060 | Vaults:1 | Bought a scroll of teleportation for 54 gold pieces
 49060 | Vaults:1 | Bought a scroll of blinking for 135 gold pieces
 49060 | Vaults:1 | Bought a scroll of identify for 36 gold pieces
 49060 | Vaults:1 | Bought a scroll of fog for 36 gold pieces
 49747 | Vaults:1 | Reached XP level 21. HP: 181/181 MP: 29/29
 49911 | Vaults:1 | Received a gift from Okawaru
 49929 | Vaults:1 | Got a smelly plate armour {god gift}
 49930 | Vaults:1 | Identified the +7 plate armour of True Grit {rPois Dex+3}
                  | (Okawaru gifted it to you on level 1 of the Vaults)
 50482 | Vaults:2 | Reached skill level 21 in Fighting
 50654 | Vaults:2 | Found a staircase to the Crypt.
 51153 | Vaults:2 | Received a gift from Okawaru
 51712 | Vaults:2 | Lost mutation: Your magical capacity is low. (-10% MP)
                  | [potion of mutation]
 51712 | Vaults:2 | Lost mutation: You are frail. (-10% HP) [potion of
                  | mutation]
 51712 | Vaults:2 | Gained mutation: Your muscles are strong. (Str +2) [potion
                  | of mutation]
 51712 | Vaults:2 | Gained mutation: You passively map a small area around you.
                  | [potion of mutation]
 51712 | Vaults:2 | Gained mutation: You are partially covered in icy blue
                  | scales. (AC +2) [potion of mutation]
 51748 | Vaults:3 | You fall into a shaft and drop 1 floor!
 52150 | Vaults:3 | Received a gift from Okawaru
 52452 | Vaults:3 | Reached skill level 22 in Fighting
 52519 | Vaults:3 | Reached XP level 22. HP: 209/215 MP: 34/34
 52665 | Vaults:3 | Received a gift from Okawaru
 52850 | Vaults:3 | Found Jeluuc's Food Shoppe.
 53570 | Vaults:4 | Paralysed by a sphinx for 3 turns
 54004 | Vaults:4 | Reached skill level 23 in Fighting
 54459 | Vaults:4 | Received a gift from Okawaru
 54996 | Depths:1 | Entered Level 1 of the Depths
 55040 | Depths:1 | Found a gateway to Hell.
 55283 | Depths:1 | Found Fuxylan's Jewellery Shoppe.
 55286 | Depths:1 | Bought a +1 ring of protection for 57 gold pieces
 55419 | Depths:1 | Received a gift from Okawaru
 55916 | Depths:2 | Found a one-way gate leading to the halls of Pandemonium.
 55957 | Depths:2 | Received a gift from Okawaru
 55967 | Depths:2 | Got a crude shortbow {god gift}
 55969 | Depths:2 | Identified the +7 shortbow of Taegoar {velocity, *Drain
                  | rPois rC- rN+++} (Okawaru gifted it to you on level 2 of
                  | the Depths)
 56327 | Depths:2 | Reached skill level 24 in Fighting
 56443 | Depths:2 | Noticed a juggernaut
 56459 | Depths:2 | Killed a juggernaut
 56787 | Depths:2 | Received a gift from Okawaru
 56787 | Depths:2 | Reached XP level 23. HP: 189/232 MP: 35/35
 57762 | Depths:3 | Reached skill level 25 in Fighting
 58032 | Depths:3 | Gained mutation: You are frail. (-10% HP) [a neqoxec]
 58189 | Depths:3 | Received a gift from Okawaru
 58190 | Depths:3 | Paralysed by a floating eye for 3 turns
 58280 | Depths:3 | Identified the +6 flail "Yluwoghyrch" {venom, rN+ Int+3
                  | Dex-2}
 58444 | Depths:3 | Found a runed translucent door.
 58561 | Depths:3 | Noticed Margery
 58712 | Depths:3 | Killed Margery
 58721 | Depths:3 | Paralysed by a floating eye for 2 turns
 59062 | Depths:3 | Identified the Almanac of the Lucky Oath
 59396 | Depths:4 | Reached skill level 26 in Fighting
 59480 | Depths:4 | Found a one-way gate to the infinite horrors of the Abyss.
 59636 | Depths:4 | Noticed Jory
 59652 | Depths:4 | Killed Jory
 59720 | Depths:4 | Noticed a juggernaut
 59729 | Depths:4 | Killed a juggernaut
 59729 | Depths:4 | Received a gift from Okawaru
 59832 | Depths:4 | Identified the cursed +1 chain mail "Hemikh" {-Cast +Inv
                  | rElec Int+5 Stlth+}
 59847 | Depths:4 | Identified the ring "Vuyku" {+Fly rElec rC++ Dex-3 Stlth-}
 59863 | Depths:4 | Identified Zoym Hab's Incunabulum of the Unholy Escort
 59866 | Depths:4 | Identified the amulet of the Evening {RegenMP Int+4} (You
                  | found it on level 4 of the Depths)
 60020 | Depths:4 | Reached XP level 24. HP: 222/222 MP: 35/35
 60451 | Depths:5 | Entered Level 5 of the Depths
 60627 | Depths:5 | Reached skill level 27 in Fighting
 60768 | Depths:5 | Noticed Frederick
 60781 | Depths:5 | Killed Frederick
 60781 | Depths:5 | Received a gift from Okawaru
 60798 | Depths:5 | Got a distressingly furry ring mail {god gift}
 60799 | Depths:5 | Identified the +1 ring mail of Moral Flaws {Int+2 Dex+4
                  | SInv} (Okawaru gifted it to you on level 5 of the Depths)
 60869 | Depths:5 | Reached skill level 15 in Armour
 60960 | Depths:5 | Found a gateway to a ziggurat.
 61314 | Depths:5 | Found a gate to the Realm of Zot.
 61339 | Depths:5 | Noticed Mennas
 61382 | Depths:5 | Killed Mennas
 61633 | Depths:5 | Identified the +10 long sword of Victory {venom, +Fly
                  | rPois}
 62914 | Snake:3  | Fell from the grace of Okawaru
 62914 | Snake:3  | Became a worshipper of the Shining One
 63176 | Crypt:1  | Entered Level 1 of the Crypt
 63202 | Crypt:1  | Paralysed by a vampire knight for 3 turns
 63229 | Crypt:1  | Reached * piety under the Shining One
 63233 | Crypt:1  | Identified a scroll of acquirement
 63370 | Crypt:1  | Reached ** piety under the Shining One
 63693 | Crypt:1  | Reached *** piety under the Shining One
 64033 | Crypt:1  | Reached **** piety under the Shining One
 64879 | Crypt:2  | Reached ***** piety under the Shining One
 65149 | Crypt:2  | Noticed Mara
 65169 | Crypt:2  | Reached XP level 25. HP: 231/231 MP: 35/35
 65451 | Crypt:2  | Killed Mara
 67197 | Crypt:3  | Entered Level 3 of the Crypt
 67228 | Crypt:3  | Reached skill level 1 in Polearms
 67255 | Crypt:3  | Found a staircase to the Tomb.
 67289 | Crypt:3  | Reached ****** piety under the Shining One
 68444 | Crypt:3  | Paralysed by a lich for 3 turns
 68460 | Crypt:3  | Reached skill level 5 in Polearms
 68949 | Crypt:3  | Paralysed by a vampire knight for 4 turns
 68978 | Crypt:3  | Identified a +6 longbow of holy wrath (a +4 longbow of
                  | freezing blessed by the Shining One)
 68978 | Crypt:3  | Received a gift from the Shining One
 69311 | Crypt:3  | Identified the ring "Unwuy" {rC+ rN+ Int+3}
 69375 | Crypt:3  | Identified the ring of Lyzol {-Tele rElec rN+ Int+2 Dex+2}
 69398 | Crypt:3  | Got a faintly glowing platinum ring
 69399 | Crypt:3  | Identified the ring of Zeodar {rPois rN+ Str+8 Slay-4} (You
                  | found it on level 3 of the Crypt)
 69612 | Crypt:3  | Identified the Handbook of Unholy Secrets
 69617 | Crypt:3  | Got an ancient scale mail
 69809 | Crypt:3  | Found the +6 shillelagh "Devastator" {shatter}
 71105 | Elf:3    | Identified the cursed +1 chain mail of the Equinox {*Contam
                  | +Inv rElec MR+ SInv}
 71119 | Elf:3    | Reached skill level 10 in Polearms
 71260 | Elf:3    | Identified the ring of Igyq {+Blink rPois rF+ Int+4}
 71511 | Elf:3    | Found the +3 pair of gauntlets of War {Slay+5}
 71518 | Elf:3    | Identified the Reference Book on Venom and Battle Magic
 71560 | Elf:3    | Found the +4 dagger "Morg" {pain, MR+ Int+5}
 72299 | Vaults:5 | Entered Level 5 of the Vaults
 72565 | Vaults:4 | Reached XP level 26. HP: 191/239 MP: 26/35
 73322 | Vaults:5 | Identified the ring "Agawi" {rElec rF+ Dex+3}
 73606 | Vaults:5 | Got a scorched iron ring
 73607 | Vaults:5 | Identified the ring of Elitism {rN+ SInv Stlth+} (You found
                  | it on level 5 of the Vaults)
 73811 | Vaults:5 | Identified the ring of Starshine {rElec rPois Int+3 Stlth-}
 74491 | Vaults:5 | Reached skill level 15 in Polearms
 74630 | Vaults:5 | Got a fine steel ring
 74631 | Vaults:5 | Identified the ring of Ituas {+Fly Str+2} (You found it on
                  | level 5 of the Vaults)
 75020 | Vaults:5 | Got a silver rune of Zot
 75026 | Vaults:5 | Was forgiven by Okawaru
 75704 | Slime:1  | Entered Level 1 of the Pits of Slime
 75955 | Slime:2  | Reached skill level 1 in Shields
 77406 | Slime:5  | Entered Level 5 of the Pits of Slime
 77969 | Slime:5  | Found a viscous altar of Jiyva.
 78121 | Slime:5  | Reached skill level 5 in Shields
 78267 | Slime:5  | Noticed the Royal Jelly
 78291 | Slime:5  | Killed the Royal Jelly
 79321 | Slime:5  | Got a slimy rune of Zot
 79341 | Slime:5  | Got a flickering bronze amulet
 79342 | Slime:5  | Identified the amulet "Ulecvuru" {Harm *Drain rF++ Str-2
                  | Int+4} (You found it on level 5 of the Pits of Slime)
 79361 | Slime:5  | Got a twisted helmet
 79362 | Slime:5  | Identified the cursed +0 helmet of the Hippo {*Drain rF++}
                  | (You found it on level 5 of the Pits of Slime)
 79367 | Slime:5  | Found the +12 glaive of Prune {chop}
 79879 | Depths:4 | Voluntarily entered the Abyss.
 80070 | Abyss:3  | Paralysed by accursed screaming for 2 turns
 80091 | Abyss:3  | Paralysed by accursed screaming for 1 turns
 80136 | Abyss:3  | Gained mutation: You are very frail. (-20% HP) [a neqoxec]
 80142 | Abyss:3  | Gained mutation: You are clumsy. (Dex -2) [a neqoxec]
 80145 | Abyss:3  | Found a corrupted altar of Lugonu.
 80319 | Abyss:3  | Reached XP level 27. HP: 214/214 MP: 35/35
 80428 | Abyss:3  | Found a corrupted altar of Lugonu.
 80484 | Abyss:3  | Found a deep blue altar of Sif Muna.
 80851 | Abyss:3  | Found a corrupted altar of Lugonu.
 80921 | Abyss:3  | HP: 2/218 [daeva/divine providence (13)]
 80922 | Abyss:3  | Killed from afar by a daeva

Levels and vault maps discovered:
D:1:      eino_arrival_cavern_d, serial_corexii_hall, corexii_hall_statues_s,
          chequers_hall_statues_wall_a
D:2:      grunt_dithmenos_smoke
D:4:      minmay_angry_zag
D:5:      lemuel_crystal_altar, first_ration, st_stairs_5,
          minmay_a_box_with_orc_wizards_in_it
D:6:      minmay_temple_entry_water_ring, minmay_manual_monstrance
D:7:      fedhas_ov_isle_minmay, serial_shops, shop, serial_undead,
          serial_undead_b, serial_undead_e, serial_undead_f, serial_undead_a
D:8:      grunt_livestock, uniq_grum
D:9:      lemuel_crystal_altar, orc_0_dummy, nicolae_blasting_shop,
          minmay_misc_feat_room
D:10:     serial_shops, nicolae_shop_temple_entry_statues_fountains,
          eino_small_chamber_without_monster, st_stairs_10
D:11:     lair_entry_dummy, portal_ice_cave_entry_pillars_1
D:12:     serial_shops, shop
D:13:     grunt_vaults_entry_fortified, special_room, grunt_decor_mini_mirrors
D:14:     xom_redecorated, serial_shops, nicolae_shop_crystal, basic_altar
D:15:     grunt_enter_depths_snipers, serial_bayou_pond_e, serial_shops, shop
Temple:   compressed_dpeg_circular_temple
Lair:1:   minivault_23
Lair:2:   elwin_shoals_entry_rocks, guppyfry_snake_entry_island,
          gammafunk_ghost_hive, grunt_megastairs_1
Lair:3:   cheibrodos_lair_lostbears
Lair:4:   basic_altar, ebering_ghost_xom, roderic_carrion_pond,
          lemuel_fruit_fields
Lair:5:   chequers_serial_rivers_small_b, minmay_another_anthill,
          grunt_megastairs_4
Lair:6:   grunt_lair_end_beastmaster, slime_altar_1, guppyfry_lair_drakes,
          grunt_megastairs_2
Shoals:1: layout_shoals, st_sunken_huts
Shoals:2: layout_shoals, serial_shops, shop_fountains,
          nicolae_shoals_hunting_party
Shoals:3: layout_shoals, nicolae_shoals_undead_eyrie, uniq_polyphemus
Shoals:4: shoals_end_grunt_ice, layout_shoals,
          nicolae_shoals_stone_sculpture_thing
Snake:1:  basic_altar, serial_bayou_crossing
Snake:2:  grunt_ministairs_1, minmay_shop_grove
Snake:3:  basic_altar, gammafunk_ghost_berserking_beasts, lemuel_fruit_tree
Snake:4:  snake_pit, layout_cave_shapes, minmay_shoptagon, serial_bayou_shore_a
Slime:1:  layout_caves, nicolae_slime_phagocytosis
Slime:2:  layout_caves
Slime:3:  layout_caves
Slime:4:  layout_caves
Slime:5
Orc:1:    enter_bailey_8, chequers_guarded_unrand_ignorance, uniq_fannar,
          uniq_harold
Orc:2:    grunt_orc_gardens, grunt_orc_garden, grunt_orc_garden,
          grunt_orc_garden, grunt_orc_garden, uniq_rupert
Elf:1:    minmay_elf_arrival_circle, layout_loops_corners, ebering_ghost_gozag,
          minivault_28, minivault_23
Elf:2:    layout_gridlike, st_stairs_1
Elf:3:    elf_hall, layout_loops_corners
Vaults:1: st_greater_box_4, v_alt_pattern_2, ontoclasm_vaults_claustrophobia,
          ontoclasm_vaults_bender, nicolae_vaults_little_squares_1,
          ontoclasm_vaults_chip, v_misc_4, v_misc_23, v_misc_16,
          nicolae_vaults_little_squares_5, v_misc_29,
          nicolae_vaults_border_crossing, layout_vaults_omnibox, serial_shops,
          nicolae_shop_stone, nicolae_trove_entry_crossroad
Vaults:2: hangedman_vaults_corner_blocks, vaults_dpeg_encased_lava,
          minmay_crypt_entry_nasty_monster, v_misc_10, vaults_mumra_bighexcomb,
          grunt_vaults_funnel, v_misc_25, ontoclasm_vaults_shuriken,
          vaults_room_door_hall, layout_vaults_ring
Vaults:3: hangedman_vaults_stream, grunt_vaults_hallway_short, v_misc_32,
          vaults_room_fours, vaults_room_ringed_pool, v_alt_pattern_3,
          v_misc_29, v_misc_13, nicolae_vaults_diagonal_hallway_7, v_misc_27,
          v_alt_pattern_2, v_misc_15, grunt_vaults_bifocal, v_misc_23,
          layout_vaults_maze_bifur, serial_shops, shop_fountains
Vaults:4: st_spiral_rooms, v_pattern_1, hangedman_vaults_stagger,
          dpeg_vaults_monster_row, layout_vaults_chaotic_city
Vaults:5
Crypt:1:  layout_catacombs
Crypt:2:  layout_catacombs, uniq_mara
Crypt:3:  due_elkab, layout_chaotic_city
Depths:1: layout_gridlike, hell_entry, serial_shops, shop,
          minmay_fractal_squares_diagonal_5, roderic_lattice_octagonal_star
Depths:2: wad_statue_garden, layout_gridville, rand_demon_pan_entry_8,
          hangedman_coc_ice_floe, kilobyte_mutagenic_chamber,
          minmay_staircase_statues_hall_small
Depths:3: minmay_the_grid_triangle_9x9_rhombus_thin_mashed
          [minmay_the_grid_triangle_9x9_subtriangle,
          minmay_the_grid_triangle_9x9_prize_schism,
          minmay_the_grid_triangle_9x9_sprig,
          minmay_the_grid_triangle_9x9_warning], layout_cave_pools,
          kennysheep_big_empty_room, rand_demon_pan_entry_4,
          grunt_hell_entry_dis_grunt, minmay_staircase_bubble, firewood_loft,
          uniq_margery
Depths:4: minmay_nine_rooms, layout_gridville, hell_entry,
          minmay_room_of_horrors, ebering_dispersal_statue_hall, st_stairs_9,
          roderic_lattice_a, uniq_jory
Depths:5: lemuel_castle_with_subvaults [lemuel_castle_interior_carwin_2],
          layout_gridlike, enter_ziggurat_a, chequers_serial_rivers_micro_e,
          lightli_too_deep, rand_demon_pan_entry_5, uniq_frederick, uniq_mennas
Abyss:3:  evilmike_abyss_rune_elephants_shrine
Abyss:4:  gammafunk_abyss_rune_reverse_zot, minivault_13
Abyss:5:  nicolae_abyss_rune_star_stuff, guppyfry_abyss_exit_glass_guarded

Skill      XL: |  1  2  3  4  5  6  7  8  9 10 11 12 13 14 15 16 17 18 19 20 21 22 23 24 25 26 27 |
---------------+----------------------------------------------------------------------------------+-----
Bows           | 6 7 9 11 12 14 15 20 21 22 | 22.0
Invocations    | 2 8 11 13 15 16 | 16.0
Fighting       | 5 8 11 12 14 16 17 19 20 22 24 26 27 | 27.0
Armour         | 4 7 9 10 12 13 14 17 | 17.4
Dodging        | 3 6 8 |  8.0
Polearms       | 12 16 | 16.0
Shields        | 7 8 |  8.9
Stealth        | |  0.5

Action                   |  1- 3 |  4- 6 |  7- 9 | 10-12 | 13-15 | 16-18 | 19-21 | 22-24 | 25-27 || total
-------------------------+-------+-------+-------+-------+-------+-------+-------+-------+-------++-------
Melee: Short sword       |     1 |    22 |    28 |       |       |       |       |       |       ||    51
       Kick              |       |       |     8 |       |    46 |     1 |       |       |   190 ||   245
       Unarmed           |       |       |       |       |    75 |       |       |       |       ||    75
       Shortbow          |       |       |       |       |     5 |       |       |       |       ||     5
       Longbow           |       |       |       |       |       |     1 |       |       |       ||     1
       Trishula          |       |       |       |       |       |       |       |       |   449 ||   449
 Fire: Shortbow          |   115 |   214 |   366 |   920 |  2579 |       |       |       |       ||  4194
       Longbow           |       |       |       |       |   100 |  1567 |  1268 |  2151 |  1503 ||  6589
Invok: Heroism           |       |       |     2 |    13 |    18 |    33 |    26 |    20 |       ||   112
       Finesse           |       |       |       |       |     4 |     5 |     1 |       |       ||    10
       Cleansing Flame   |       |       |       |       |       |       |       |     1 |     9 ||    10
       Brand Weapon With |       |       |       |       |       |       |       |       |     1 ||     1
       Summon Divine War |       |       |       |       |       |       |       |       |     2 ||     2
Evoke: Wand              |       |       |       |       |     3 |       |       |     1 |     9 ||    13
  Use: Potion            |       |     5 |     1 |       |     2 |     8 |     7 |     3 |     7 ||    33
       Scroll            |       |       |    10 |    12 |    20 |    17 |    11 |    17 |    17 ||   104
  Eat: Chunk             |       |     6 |     5 |    16 |    35 |    11 |    16 |    23 |     4 ||   116
       Ration            |       |       |     2 |       |     2 |     4 |     1 |     2 |    11 ||    22
Armor: Leather armour    |    35 |    19 |    12 |       |     5 |   326 |   131 |       |       ||   528
       Skin              |       |    12 |       |       |       |       |       |       |       ||    12
       Robe              |       |       |    28 |   168 |   435 |       |       |       |       ||   631
       Plate armour      |       |       |       |       |       |       |   151 |   386 |       ||   537
       Gold dragon scale |       |       |       |       |       |       |       |   241 |   884 ||  1125
Dodge: Dodged            |    31 |    40 |    39 |    96 |   310 |   304 |   231 |   327 |   256 ||  1634
Block: Other             |       |       |       |       |       |       |       |       |   199 ||   199
       Reflection        |       |       |       |       |       |       |       |       |    44 ||    44
       Large shield      |       |       |       |       |       |       |       |       |   177 ||   177

Table legend:
 A = Non-vault XP
 B = Vault XP
 C = Vault XP percentage of total XP
 D = Non-vault monster count
 E = Vault monster count
 F = Vault count percentage of total count
                 A         B        C        D         E       F
            +---------+---------+-------+---------+---------+-------
      Total |  745604 |  678197 |  47.6 |    1573 |     865 |  35.5
            +---------+---------+-------+---------+---------+-------
        D:1 |      39 |       0 |   0.0 |      23 |       0 |   0.0
        D:2 |      99 |       0 |   0.0 |      23 |       0 |   0.0
        D:3 |      51 |       0 |   0.0 |      20 |       0 |   0.0
        D:4 |     190 |      16 |   7.8 |       8 |       2 |  20.0
        D:5 |     562 |     298 |  34.7 |      11 |       6 |  35.3
        D:6 |     481 |     976 |  67.0 |      10 |       4 |  28.6
        D:7 |     930 |     595 |  39.0 |      22 |       7 |  24.1
        D:8 |    2422 |    1207 |  33.3 |      34 |       6 |  15.0
        D:9 |    3233 |       0 |   0.0 |      22 |       0 |   0.0
       D:10 |    4777 |     424 |   8.2 |      21 |       1 |   4.5
       D:11 |    5977 |       0 |   0.0 |      36 |       0 |   0.0
       D:12 |    7598 |       0 |   0.0 |      51 |       0 |   0.0
       D:13 |    3619 |    8152 |  69.3 |      10 |      34 |  77.3
       D:14 |    4915 |       0 |   0.0 |      24 |       0 |   0.0
       D:15 |   18234 |    2291 |  11.2 |      50 |       3 |   5.7
     Lair:1 |    2213 |       0 |   0.0 |       9 |       0 |   0.0
     Lair:2 |    7523 |     501 |   6.2 |      26 |       3 |  10.3
     Lair:3 |    1188 |    1462 |  55.2 |       6 |       5 |  45.5
     Lair:4 |    6655 |     502 |   7.0 |      31 |       4 |  11.4
     Lair:5 |    2713 |    5842 |  68.3 |      11 |      33 |  75.0
     Lair:6 |    6935 |   12154 |  63.7 |      24 |      29 |  54.7
   Shoals:1 |   17817 |    5530 |  23.7 |      33 |       8 |  19.5
   Shoals:2 |   19700 |    2213 |  10.1 |      38 |       2 |   5.0
   Shoals:3 |   10268 |    7996 |  43.8 |      19 |      12 |  38.7
   Shoals:4 |   23585 |   20012 |  45.9 |      46 |      33 |  41.8
    Snake:1 |    7841 |       0 |   0.0 |      15 |       0 |   0.0
    Snake:2 |   14464 |    1219 |   7.8 |      29 |       4 |  12.1
    Snake:3 |   22201 |    7348 |  24.9 |      45 |       9 |  16.7
    Snake:4 |   18500 |   29661 |  61.6 |      36 |      42 |  53.8
    Slime:1 |    6796 |    1076 |  13.7 |      20 |       4 |  16.7
    Slime:2 |    6194 |       0 |   0.0 |      11 |       0 |   0.0
    Slime:3 |   10616 |       0 |   0.0 |      11 |       0 |   0.0
    Slime:4 |    2091 |       0 |   0.0 |       6 |       0 |   0.0
    Slime:5 |   12978 |   32272 |  71.3 |      16 |      17 |  51.5
      Orc:1 |    1476 |    6664 |  81.9 |      11 |      10 |  47.6
      Orc:2 |    1510 |   12030 |  88.8 |      16 |      24 |  60.0
      Elf:1 |    9807 |   16454 |  62.7 |      17 |      24 |  58.5
      Elf:2 |   12907 |   26061 |  66.9 |      20 |      32 |  61.5
      Elf:3 |   16006 |   44358 |  73.5 |      26 |      31 |  54.4
   Vaults:1 |   24019 |   42818 |  64.1 |      47 |      57 |  54.8
   Vaults:2 |   33312 |   14313 |  30.1 |      58 |      16 |  21.6
   Vaults:3 |   42920 |   13548 |  24.0 |      55 |      20 |  26.7
   Vaults:4 |   32502 |   47372 |  59.3 |      50 |      47 |  48.5
   Vaults:5 |    7561 |   86050 |  91.9 |       8 |      58 |  87.9
    Crypt:1 |   38687 |       0 |   0.0 |      64 |       0 |   0.0
    Crypt:2 |   20242 |    8600 |  29.8 |      28 |       1 |   3.4
    Crypt:3 |   31440 |   41072 |  56.6 |      37 |      60 |  61.9
   Depths:1 |   11767 |    4236 |  26.5 |      11 |       5 |  31.2
   Depths:2 |   53695 |   15874 |  22.8 |      68 |      16 |  19.0
   Depths:3 |   40849 |   34071 |  45.5 |      54 |      28 |  34.1
   Depths:4 |   25988 |   38071 |  59.4 |      29 |      34 |  54.0
   Depths:5 |   29534 |   65668 |  69.0 |      33 |      51 |  60.7
    Abyss:1 |    1131 |       0 |   0.0 |       1 |       0 |   0.0
    Abyss:3 |   35789 |    5953 |  14.3 |      97 |       9 |   8.5
    Abyss:4 |   11277 |    2130 |  15.9 |      22 |       3 |  12.0
    Abyss:5 |    9780 |       0 |   0.0 |      24 |       0 |   0.0
     Bailey |       0 |    1089 | 100.0 |       0 |      32 | 100.0
      IceCv |       0 |   10018 | 100.0 |       0 |      39 | 100.0
            +---------+---------+-------+---------+---------+-------
